[Event "*** SCC Grand Prix: Titled Tuesday Blitz"]
[Site "Chess.com"]
[Date "2020.08.25"]
[Round "8"]
[White "Anton_Zhukov04"]
[Black "carlsen1001"]
[Result "0-1"]
[WhiteElo "2223"]
[BlackElo "2401"]
[TimeControl "180+1"]
[EndTime "11:36:02 PDT"]
[Termination "carlsen1001 won by resignation"]

1. d4 Nf6 2. c4 e6 3. Nf3 d5 4. Nc3 Bb4 5. cxd5 exd5 6. Bg5 h6 7. Bxf6 Qxf6 8. Qa4+ Nc6 9. e3 O-O 10. Be2 Be6 11. O-O a6 12. Rfc1 Bd6 13. a3 Ne7 14. Qd1 Rfc8 15. b4 Nf5 16. Na4 b6 17. Nb2 Qe7 18.
Nd3 f6 19. Nf4 Bf7 20. Bd3 Nxe3 21. fxe3 Qxe3+ 22. Kh1 Qxf4 23. Qe2 Re8 24. Qf1 Re3 25. Rc2 Bh5 26. Re1 Rae8 27. Rxe3 Rxe3 28. Bxa6 Bxf3 29.
gxf3 Rxf3 30. Qg2 Rxa3 31. Bf1 Ra1 32. Rf2 Qxd4 33. Re2 Be5 34. Rf2 Qd1 35. Qg6 Bd4 36. Rf5 Qxf1+ 37. Rxf1 Rxf1+ 38. Kg2 Rg1+ 0-1

[Event "*** SCC Grand Prix: Titled Tuesday Blitz"]
[Site "Chess.com"]
[Date "2020.08.25"]
[Round "8"]
[White "Alexander_Zubov"]
[Black "Infernal_XaM"]
[Result "0-1"]
[WhiteElo "2949"]
[BlackElo "2931"]
[TimeControl "180+1"]
[EndTime "11:36:03 PDT"]
[Termination "Infernal_XaM won by resignation"]

1. d4 Nf6 2. Nf3 d5 3. c4 c6 4. Qb3 dxc4 5. Qxc4 Bg4 6. Nbd2 Nbd7 7. g3 e6 8. Bg2 Be7 9. O-O O-O 10. Qb3 Qb6 11.
Nc4 Qa6 12. Re1 Rfd8 13. a4 Rac8 14. Bf4 Nd5 15. Bd6 N7b6 16. Bxe7 Nxe7 17. Nce5 Bxf3 18.
Qxf3 Nf5 19. e3 Nc4 20. Nxf7 Kxf7 21. g4 Qa5 22. b4 Qd5 23. Qh3 Qd7 24. gxf5 exf5 25.
b5 Kg8 26. bxc6 bxc6 27. Rac1 Nd6 28. Rc5 Qe7 29. Bxc6 f4 30. e4 Nf7 31. Rec1 Kh8 32.
Bd5 Rxc5 33. Rxc5 Ng5 34. Qf5 Nf3+ 35. Kg2 Nxd4 36. Qxf4 Qxc5 0-1

[Event "*** SCC Grand Prix: Titled Tuesday Blitz"]
[Site "Chess.com"]
[Date "2020.08.25"]
[Round "8"]
[White "GianmarcoVaR"]
[Black "DenLaz"]
[Result "0-1"]
[WhiteElo "2476"]
[BlackElo "2701"]
[TimeControl "180+1"]
[EndTime "11:36:03 PDT"]
[Termination "DenLaz won by resignation"]

1. d4 d5 2. c4 e6 3. Nf3 a6 4.
g3 dxc4 5. Bg2 b5 6. Ne5 Ra7 7.
a4 Bb7 8. e4 c6 9. O-O Nd7 10. Be3 Nxe5 11. dxe5 Qxd1 12. Rxd1 Ra8 13. b3 cxb3 14. Nd2 b2 15. Rab1 Ne7 16. Nb3 bxa4 17. Na5 a3 18. Nxb7 Ng6 19. Nd6+ Bxd6 20. exd6 Rb8 21.
d7+ Kd8 22. Bd4 f6 23. Bc3 Ne5 24. Ba5+ Ke7 25. Bc7 a2 26. Bd6+ Kf7 27. Bxb8 axb1=Q 28. Rxb1 Rxb8 0-1

[Event "*** SCC Grand Prix: Titled Tuesday Blitz"]
[Site "Chess.com"]
[Date "2020.08.25"]
[Round "8"]
[White "JozefKneht"]
[Black "Ginger_GM"]
[Result "0-1"]
[WhiteElo "2444"]
[BlackElo "2568"]
[TimeControl "180+1"]
[EndTime "11:36:03 PDT"]
[Termination "Ginger_GM won by resignation"]

1. Nf3 f5 2. e4 fxe4 3. Ng5 Nc6 4. d3 e3 5. Bxe3 e5 6. Nf3 Nf6 7. d4 e4 8. Ne5 d6 9. Nxc6 bxc6 10. Be2 d5 11. O-O Bd6 12. c4 O-O 13. Nc3 Rb8 14. c5 Be7 15. Rb1 Qe8 16. Kh1 Qg6 17. Bf4 Ng4 18. Bxg4 Bxg4 19. Qd2 Rbc8 20. Rbe1 h5 21. h3 Be6 22. f3 Bh4 23. Re2 Rf7 24. fxe4 Rcf8 25.
exd5 cxd5 26. Rf3 Bg4 27. hxg4 hxg4 28. g3 gxf3 29. Rh2 Bxg3 30. Bxg3 Qxg3 31. Qd3 Qe1+ 0-1

[Event "*** SCC Grand Prix: Titled Tuesday Blitz"]
[Site "Chess.com"]
[Date "2020.08.25"]
[Round "8"]
[White "mortngabriel"]
[Black "esrosenberg"]
[Result "1-0"]
[WhiteElo "2448"]
[BlackElo "2198"]
[TimeControl "180+1"]
[EndTime "11:36:03 PDT"]
[Termination "mortngabriel won on time"]

1. e4 e5 2. f4 exf4 3. Nf3 Nf6 4. e5 Nh5 5. Be2 Bc5 6. d4 Bb6 7. O-O Nc6 8. Kh1 g6 9. c4 d6 10. exd6 cxd6 11. Nc3 O-O 12. Nd5 Bg4 13. Nxb6 axb6 14. d5 Na5 15. Nd4 Bxe2 16. Qxe2 Qh4 17. Kg1 Rfe8 18.
Qd3 Re1 19. Bd2 Rxa1 20. Rxa1 b5 21. Nf3 Qe7 22. cxb5 b6 23. Bc3 f6 24. Re1 Qd7 25. Qd4 Re8 26. Qxb6 Rxe1+ 27. Bxe1 Nc4 28. Qc6 Qxc6 29.
dxc6 f5 30. c7 Nb6 31. Ba5 Nc8 32. b6 Nf6 33. b7 1-0

[Event "*** SCC Grand Prix: Titled Tuesday Blitz"]
[Site "Chess.com"]
[Date "2020.08.25"]
[Round "8"]
[White "kobemagic"]
[Black "Mbneu"]
[Result "0-1"]
[WhiteElo "2396"]
[BlackElo "2251"]
[TimeControl "180+1"]
[EndTime "11:36:03 PDT"]
[Termination "Mbneu won by resignation"]

1. c4 Nf6 2. g3 e6 3. Bg2 d5 4. Nf3 c5 5. cxd5 exd5 6. d4 Nc6 7.
O-O Be7 8. b3 O-O 9. Bb2 Ne4 10.
e3 Bf6 11. Nc3 cxd4 12. Nxd4 Nxd4 13. exd4 Bf5 14. Re1 Re8 15. Rc1 Qa5 16. Nxe4 dxe4 17. a3 Rad8 18. b4 Qb6 19. Rc5 Bg6 20. Qa4 Qe6 21.
Qxa7 Qb3 22. Ba1 e3 23. fxe3 Rxe3 24. Rcc1 Rde8 25. Rf1 Re2 26. Qxb7 h5 27. Qf3 Qa2 28. Qd5 Qd2 29. Qc6 Kh7 30. Kh1 Rxg2 31. Qxg2 Be4 32.
Rf3 Qxc1+ 0-1

[Event "*** SCC Grand Prix: Titled Tuesday Blitz"]
[Site "Chess.com"]
[Date "2020.08.25"]
[Round "8"]
[White "Arjun2002"]
[Black "Evandro_Barbosa"]
[Result "1-0"]
[WhiteElo "2721"]
[BlackElo "2562"]
[TimeControl "180+1"]
[EndTime "11:36:04 PDT"]
[Termination "Arjun2002 won by resignation"]

1. d4 Nf6 2. c4 c5 3. d5 e6 4. Nc3 exd5 5. cxd5 d6 6. Nf3 g6 7. Nd2 Nbd7 8. e4 Bg7 9. Be2 O-O 10. O-O b6 11. a4 Rb8 12. f4 Re8 13. Bd3 a6 14.
Nc4 Qe7 15. Qf3 h5 16. Bd2 Ng4 17. h3 b5 18. axb5 axb5 19. Na5 Bd4+ 20. Kh1 Qh4 21. Be1 Qf6 22. hxg4 hxg4 23. Qg3 Kg7 24. Bf2 c4 25. Be2 b4 26. Nd1 c3 27. bxc3 bxc3 28. Rc1 Nc5 29. Bd3 Nxd3 30. Qxd3 Ba6 31. Qxd4 Rh8+ 32. Kg1 g3 33.
Qxf6+ Kxf6 34. Bd4+ 1-0

[Event "*** SCC Grand Prix: Titled Tuesday Blitz"]
[Site "Chess.com"]
[Date "2020.08.25"]
[Round "8"]
[White "DrMamaliga"]
[Black "Klavdia_Nik"]
[Result "0-1"]
[WhiteElo "2207"]
[BlackElo "2077"]
[TimeControl "180+1"]
[EndTime "11:36:06 PDT"]
[Termination "Klavdia_Nik won by resignation"]

1. c4 Nf6 2. Nf3 c5 3. Nc3 d5 4. cxd5 Nxd5 5. e3 Nc7 6. Qa4+ Bd7 7. Qh4 Nc6 8. Be2 g6 9. O-O Bg7 10. Rd1 O-O 11. b3 e5 12. Qxd8 Raxd8 13. Bb2 b6 14. Rac1 h6 15. d3 Be6 16. Na4 Nd5 17. a3 Rc8 18. Bf1 Rfd8 19. g3 Kh7 20. Bg2 f5 21. Nc3 Nxc3 22. Bxc3 Bxb3 23. Rd2 Bf7 24. Rdc2 Rxd3 25.
Ne1 Rd6 26. e4 Rcd8 27. exf5 gxf5 28. Bh3 Bg6 29. Nf3 e4 30. Nh4 Bxc3 31. Rxc3 Nd4 32.
Kg2 Ne2 33. Nxf5 Rd2 34. Ne3 Nxc1 35. Rxc1 R8d3 36. Nc4 Re2 37. Kg1 Ra2 38. Bg2 Rd4 39. h4 Bf7 40. Ne3 Rxa3 41. Nc2 Rc4 42. Bxe4+ Kg7 43. Bf5 Rac3 44. g4 Bg6 0-1

[Event "*** SCC Grand Prix: Titled Tuesday Blitz"]
[Site "Chess.com"]
[Date "2020.08.25"]
[Round "8"]
[White "Msb2"]
[Black "FairChess_on_YouTube"]
[Result "1/2-1/2"]
[WhiteElo "2837"]
[BlackElo "2986"]
[TimeControl "180+1"]
[EndTime "11:36:07 PDT"]
[Termination "Game drawn by repetition"]

1. d4 Nf6 2. c4 e6 3. Nc3 Bb4 4. e3 O-O 5. Bd2 c6 6. Nf3 d5 7.
Rc1 Nbd7 8. Bd3 dxc4 9. Bxc4 Bd6 10. O-O e5 11. h3 Qe7 12. dxe5 Nxe5 13. Nxe5 Bxe5 14.
f4 Bc7 15. Bd3 Rd8 16. Bb1 Bb6 17. Re1 Bxh3 18. gxh3 Qd7 19. Re2 Qxh3 20. Qf1 Qh5 21. Rce1 Ng4 22. Qf3 Qh4 23. Bc1 Rd6 24. Ne4 Rh6 25.
Ng3 Nh2 26. Qg2 Qxf4 27. Nf5 Nf3+ 28. Kf1 Nd2+ 29. Kg1 Nf3+ 30. Kf1 Nh2+ 31. Kg1 Nf3+ 1/2-1/2

[Event "*** SCC Grand Prix: Titled Tuesday Blitz"]
[Site "Chess.com"]
[Date "2020.08.25"]
[Round "8"]
[White "Falcon28dz"]
[Black "ChelsieMonica"]
[Result "1-0"]
[WhiteElo "2171"]
[BlackElo "2398"]
[TimeControl "180+1"]
[EndTime "11:36:07 PDT"]
[Termination "Falcon28dz won by resignation"]

1. e4 e5 2. Nf3 Nc6 3. Bc4 Be7 4. d3 Nf6 5. O-O O-O 6. Re1 d6 7. c3 Be6 8. Bb5 a6 9. Ba4 b5 10. Bc2 Nd7 11. d4 Bg4 12. d5 Na5 13. Nbd2 c5 14.
h3 Bh5 15. g4 Bg6 16. Nf1 Nc4 17.
Ng3 a5 18. a4 b4 19. b3 Ncb6 20.
c4 Bh4 21. Kh2 Bxg3+ 22. fxg3 h6 23. Be3 Kh7 24. Nh4 Nf6 25. Qf3 Nbd7 26. Rf1 Ra7 27. Rf2 Ng8 28. Raf1 Nb6 29. Nxg6 Re8 30. Nh4 g6 31. Qe2 Kg7 32. Qd2 Nc8 33. g5 h5 34.
Qe2 Rf8 35. g4 hxg4 36. Qxg4 Qd7 37. Qg3 Nb6 38. Bd1 Qd8 39. Rf6 Nd7 40. R6f2 Ne7 41.
Bg4 Nb6 42. Rf6 Ng8 43. Bf5 Nxf6 44. gxf6+ Kh7 45. Qg5 Kg8 46. Bg4 Nd7 47. Bxd7 Rxd7 48. Qh6 Qxf6 49. Rxf6 1-0

[Event "*** SCC Grand Prix: Titled Tuesday Blitz"]
[Site "Chess.com"]
[Date "2020.08.25"]
[Round "8"]
[White "chesslh19"]
[Black "WiktoriaPOL"]
[Result "1-0"]
[WhiteElo "2212"]
[BlackElo "1921"]
[TimeControl "180+1"]
[EndTime "11:36:07 PDT"]
[Termination "chesslh19 won by resignation"]

1. e4 c5 2. Nf3 g6 3. d4 cxd4 4. Nxd4 Nc6 5. Nc3 Bg7 6. Be3 Nf6 7. Bc4 Qa5 8. O-O d6 9. h3 O-O 10. Bb3 Bd7 11. f4 Rac8 12. Qf3 Nxd4 13. Bxd4 Bc6 14. Rad1 b5 15. Nd5 Nxd5 16. exd5 Bd7 17. Bxg7 Kxg7 18. Qe3 Rfe8 19. Qd4+ Kg8 20. Kh2 Bf5 21. c3 h5 22.
Rfe1 Rc7 23. Re3 a6 24. Rde1 Rd7 25. a3 Qc7 26. Bd1 e5 27. dxe6 Bxe6 28. Bf3 Qc6 29.
Bxc6 Rdd8 30. Bxe8 Rxe8 31. Qxd6 Kg7 32. Rxe6 Rxe6 33.
Rxe6 fxe6 34. Qxe6 Kh6 35. f5 1-0

[Event "*** SCC Grand Prix: Titled Tuesday Blitz"]
[Site "Chess.com"]
[Date "2020.08.25"]
[Round "8"]
[White "gmcorrales"]
[Black "Fighter008"]
[Result "0-1"]
[WhiteElo "2888"]
[BlackElo "2696"]
[TimeControl "180+1"]
[EndTime "11:36:08 PDT"]
[Termination "Fighter008 won by checkmate"]

1. e4 c5 2. Nf3 e6 3. d4 cxd4 4.
Nxd4 a6 5. c4 Nf6 6. Nc3 Qc7 7.
a3 b6 8. Be2 Bb7 9. f3 d6 10.
Be3 Nbd7 11. Rc1 Rc8 12. O-O Qb8 13. b4 Be7 14. Qd2 Bd8 15. Nb3 Bc7 16. Kh1 h5 17. Rfd1 h4 18. Bf4 Ne5 19. Bxe5 dxe5 20. c5 h3 21. g3 O-O 22. Bf1 a5 23. b5 Rfd8 24. Qe3 bxc5 25. Na4 c4 26. Bxc4 Bd6 27. Nxa5 Ba8 28.
Nb6 Rc7 29. Nxa8 Qxa8 30. Nc6 Rdd7 31. Rd3 Qa4 32. Qe2 Bc5 33. Rcd1 Qxc4 34. Nxe5 Qxb5 35. Nxd7 Rxd7 36. a4 Qa6 37. Qf1 Rxd3 38. Rxd3 Qxa4 39. Qxh3 Qa1+ 40. Qf1 Qxf1# 0-1

[Event "*** SCC Grand Prix: Titled Tuesday Blitz"]
[Site "Chess.com"]
[Date "2020.08.25"]
[Round "8"]
[White "Alembong"]
[Black "lifeissofun"]
[Result "0-1"]
[WhiteElo "2433"]
[BlackElo "2279"]
[TimeControl "180+1"]
[EndTime "11:36:10 PDT"]
[Termination "lifeissofun won by resignation"]

1. d4 Nf6 2. Nf3 e6 3. g3 d5 4. Bg2 Bb4+ 5. c3 Be7 6. O-O O-O 7. c4 c6 8. Qc2 Nbd7 9. Nbd2 b6 10. e4 dxe4 11.
Nxe4 Bb7 12. Re1 c5 13. Nxf6+ Bxf6 14. Ng5 Bxg5 15. Bxb7 Rb8 16. Bxg5 Qxg5 17. Bc6 Nf6 18. dxc5 Qxc5 19. Bf3 Rbc8 20. Rac1 Rfd8 21. Red1 Rxd1+ 22.
Qxd1 h6 23. Qe2 Qd4 24. b3 Rd8 25. Rd1 Qxd1+ 26. Qxd1 Rxd1+ 27. Bxd1 Ne4 28. Bc2 Nd6 29. Kf1 Kf8 30. Ke2 Ke7 31. Kd3 a5 32. a3 Nb7 33.
b4 Kd6 34. Kd4 e5+ 35. Ke4 Ke6 36. f3 Nd6+ 37. Kd3 Nb7 38. Bb3 Kd6 39. Ke4 f6 40. Kf5 Ke7 41. Kg6 Kf8 42. Bc2 Kg8 43. Be4 Nd6 44.
Bd5+ Kf8 45. c5 bxc5 46. bxa5 Nc8 47. a6 Ne7+ 0-1

[Event "*** SCC Grand Prix: Titled Tuesday Blitz"]
[Site "Chess.com"]
[Date "2020.08.25"]
[Round "8"]
[White "ftorodent"]
[Black "Siemba"]
[Result "1-0"]
[WhiteElo "2673"]
[BlackElo "2473"]
[TimeControl "180+1"]
[EndTime "11:36:13 PDT"]
[Termination "ftorodent won on time"]

1. d4 d5 2. c4 c5 3. cxd5 Nf6 4. Nc3 Nxd5 5. e4 Nxc3 6. bxc3 cxd4 7. cxd4 e5 8. d5 Bd6 9. Nf3 O-O 10. Be2 Bg4 11. Nd2 Bxe2 12. Qxe2 Nd7 13. O-O Rc8 14. Nc4 Nb6 15.
Nxd6 Qxd6 16. Be3 Nc4 17. Rfc1 Qa6 18. Bxa7 b5 19. Be3 Qa3 20. h3 h6 21. Rab1 Qa4 22.
Rc3 Rb8 23. Bc5 Rfc8 24. Bb4 Ra8 25. a3 Rab8 26. Qc2 Ra8 27. Rc1 Rcb8 28. Qe2 g6 29. Qg4 Kg7 30. Kh2 Qa6 31. f4 h5 32. Qf3 Qf6 33. f5 1-0

[Event "*** SCC Grand Prix: Titled Tuesday Blitz"]
[Site "Chess.com"]
[Date "2020.08.25"]
[Round "8"]
[White "mattcolins2025"]
[Black "alexrustemov"]
[Result "0-1"]
[WhiteElo "2468"]
[BlackElo "2643"]
[TimeControl "180+1"]
[EndTime "11:36:15 PDT"]
[Termination "alexrustemov won by resignation"]

1. d4 d5 2. c4 c6 3. Nc3 dxc4 4. a4 e5 5. e3 exd4 6. exd4 Be6 7. Nf3 Bb4 8. Bd2 Nf6 9. Be2 O-O 10. O-O Nbd7 11. Qc2 Nb6 12. Be3 a5 13. Ng5 Bd5 14. Bf4 h6 15. Nf3 Bxf3 16. Bxf3 Qxd4 17. Be3 Qd8 18. Rad1 Qc7 19. Ne4 Nfd5 20. Bd4 Rfe8 21. Rfe1 Rad8 22.
Ng3 Bxe1 23. Nf5 f6 24. Bh5 Re6 25. Bg6 Bb4 26. Bh7+ Kxh7 27. Bxb6 Nxb6 28. Nd4+ Kg8 29. Nxe6 Rxd1+ 30. Qxd1 Qd6 31. Qg4 Qe7 32. h3 Nd5 33. Nd4 Qe1+ 34. Kh2 Qe5+ 35. g3 h5 36. Qc8+ Kh7 37.
Ne6 Ne7 38. Nf8+ Kh6 39. Qd7 Qe2 40. Kg1 Bc5 41. Qf5 Nxf5 0-1

[Event "*** SCC Grand Prix: Titled Tuesday Blitz"]
[Site "Chess.com"]
[Date "2020.08.25"]
[Round "8"]
[White "Marty435"]
[Black "barbara25"]
[Result "0-1"]
[WhiteElo "2612"]
[BlackElo "2319"]
[TimeControl "180+1"]
[EndTime "11:36:16 PDT"]
[Termination "barbara25 won by checkmate"]

1. e4 c5 2. Nf3 d6 3. d4 cxd4 4. Nxd4 Nf6 5. Nc3 a6 6. h3 h5 7.
Bg5 Nbd7 8. Qe2 g6 9. O-O-O Bg7 10. f4 Qc7 11. Nd5 Nxd5 12. exd5 Nc5 13. Kb1 O-O 14. Qxe7 Qb6 15. Bf6 Bd7 16. Bxg7 Kxg7 17. Ne6+ Nxe6 18.
dxe6 Bxe6 19. Qxd6 Rad8 20. Qe5+ Kg8 21. Bd3 Rfe8 22.
Qc3 Rc8 23. Qd2 Red8 24. Rhe1 a5 25. Qe3 Qc6 26. Rd2 a4 27. f5 Bd5 28. fxg6 fxg6 29.
Qg5 Re8 30. Rxe8+ Rxe8 31. Rd1 Bf7 32. Rf1 Qe6 33. b3 axb3 34. axb3 Qb6 35. Rf6 Qg1+ 36.
Kb2 Qd4+ 37. Kb1 Re1+ 38. Ka2 Ra1# 0-1

[Event "*** SCC Grand Prix: Titled Tuesday Blitz"]
[Site "Chess.com"]
[Date "2020.08.25"]
[Round "8"]
[White "mamey78"]
[Black "korbul"]
[Result "0-1"]
[WhiteElo "2425"]
[BlackElo "2548"]
[TimeControl "180+1"]
[EndTime "11:36:16 PDT"]
[Termination "korbul won on time"]

1. e4 c5 2. Nf3 e6 3. c3 Nf6 4. e5 Nd5 5. d4 cxd4 6. cxd4 d6 7. Bc4 Nc6 8. O-O Be7 9. Qe2 a6 10. Nc3 Nxc3 11. bxc3 d5 12. Bd3 Bd7 13. Bf4 Rc8 14.
Rac1 Na5 15. Nd2 h6 16. Qh5 Bb5 17. Bxb5+ axb5 18. Be3 Ba3 19. Rb1 Qd7 20. f4 g6 21.
Qf3 Rxc3 22. Qe2 Nc4 23. Nxc4 dxc4 24. Kh1 h5 25. f5 gxf5 26. Bg5 Qd5 27. Bf6 Rg8 28. Rf2 Qe4 29. Qf1 Rc2 30. Rxc2 Qxc2 31. Rxb5 Qe4 32. Ra5 Bf8 33. Ra8+ Kd7 34. h3 Qc6 35.
Rd8+ Kc7 36. a4 c3 37. Ra8 c2 38. Bd8+ Kd7 0-1

[Event "*** SCC Grand Prix: Titled Tuesday Blitz"]
[Site "Chess.com"]
[Date "2020.08.25"]
[Round "8"]
[White "Grootneus"]
[Black "kasparicy"]
[Result "0-1"]
[WhiteElo "2179"]
[BlackElo "2336"]
[TimeControl "180+1"]
[EndTime "11:36:16 PDT"]
[Termination "kasparicy won on time"]

1. e4 c5 2. Nf3 d6 3. d4 cxd4 4. Nxd4 Nf6 5. Nc3 a6 6. Bc4 e6 7. Bb3 Nbd7 8. Bg5 Nc5 9. f4 Be7 10. Qf3 O-O 11. O-O-O Qc7 12. g4 b5 13. Bxf6 Bxf6 14.
g5 Bxd4 15. Rxd4 Bb7 16. h4 Rac8 17. h5 d5 18. g6 dxe4 19. Qg4 f5 20. gxh7+ Kh8 21.
Qg6 Qxf4+ 22. Kb1 Rf6 23. Qg2 e3 24. Qxb7 Nxb7 25. Rxf4 e5 26. Rf3 f4 27. Bd5 Nc5 28.
Ne4 Nxe4 29. Bxe4 Rd6 30. Rff1 Rcd8 31. Kc1 Rd4 32. Rd1 e2 33. Rxd4 Rxd4 0-1

[Event "*** SCC Grand Prix: Titled Tuesday Blitz"]
[Site "Chess.com"]
[Date "2020.08.25"]
[Round "8"]
[White "hellokostya"]
[Black "Nara_Kh"]
[Result "1-0"]
[WhiteElo "2466"]
[BlackElo "2313"]
[TimeControl "180+1"]
[EndTime "11:36:17 PDT"]
[Termination "hellokostya won by checkmate"]

1. d4 d5 2. c4 c6 3. Nf3 Nf6 4. e3 Bf5 5. Nc3 a6 6. Ne5 Nbd7 7. cxd5 Nxe5 8. dxe5 Nxd5 9. Qb3 e6 10. e4 Nxc3 11.
exf5 Nd5 12. fxe6 Bb4+ 13. Ke2 fxe6 14. a3 Bc5 15. g3 O-O 16. f4 Kh8 17. Bg2 Ne7 18.
Rd1 Qc8 19. Qc2 b6 20. b4 Nf5 21. bxc5 bxc5 22. Qxc5 Rd8 23. Bb2 Rb8 24. Bc3 Rb3 25. Qc4 Rxd1 26. Rxd1 Rxa3 27. Kf2 h6 28. Kg1 Qb7 29.
Qxe6 Qb6+ 30. Kh1 Nxg3+ 31. hxg3 Rxc3 32. Qe8+ Kh7 33. Be4+ g6 34. Qxg6+ Kh8 35. Qh7# 1-0

[Event "*** SCC Grand Prix: Titled Tuesday Blitz"]
[Site "Chess.com"]
[Date "2020.08.25"]
[Round "8"]
[White "WinstonSilvakov"]
[Black "annamaja"]
[Result "1-0"]
[WhiteElo "2131"]
[BlackElo "2235"]
[TimeControl "180+1"]
[EndTime "11:36:17 PDT"]
[Termination "WinstonSilvakov won on time"]

1. d4 d5 2. e3 Nf6 3. Bd3 e6 4. Nd2 c5 5. c3 Nc6 6. f4 Bd6 7. Ngf3 O-O 8. O-O a5 9. Ne5 Qc7 10. g4 Bxe5 11. fxe5 Nxe5 12. dxe5 Qxe5 13. Nf3 Qd6 14.
g5 Nd7 15. e4 b6 16. e5 Nxe5 17. Bf4 f6 18. gxf6 gxf6 19. Bh6 Rf7 20. Nxe5 Qxe5 21.
Bf4 Rg7+ 22. Kh1 Bb7 23. Bxe5 d4+ 24. Qf3 Bxf3+ 25. Rxf3 fxe5 26. Re1 dxc3 27. bxc3 Rd8 28. Rxe5 Rd6 29. Rfe3 Kf7 30. Be2 Ke7 31. h3 Rg6 32.
Bc4 a4 33. Re2 Rd1+ 34. Kh2 Rd6 35. a3 Rf6 36. Bb5 Rd1 37. Bxa4 Rd3 38. Bb3 Rff3 39.
Rxe6+ Kd7 40. Rh6 Rxc3 41. Rxh7+ Kc6 42. Ba4+ Kd5 43. Rd2+ Ke5 44. Rh5+ 1-0

[Event "*** SCC Grand Prix: Titled Tuesday Blitz"]
[Site "Chess.com"]
[Date "2020.08.25"]
[Round "8"]
[White "swimmerchess"]
[Black "Revnov"]
[Result "1-0"]
[WhiteElo "2836"]
[BlackElo "2709"]
[TimeControl "180+1"]
[EndTime "11:36:18 PDT"]
[Termination "swimmerchess won on time"]

1. e4 c5 2. Nf3 d6 3. d4 cxd4 4. Nxd4 Nf6 5. Nc3 a6 6. Bg5 e6 7. f4 Qc7 8. Qe2 h6 9. Bh4 b5 10. O-O-O b4 11. e5 bxc3 12. exf6 cxb2+ 13. Kb1 Nc6 14. Nf5 gxf6 15. Bxf6 Rg8 16. g4 Rb8 17. Bg2 Nb4 18. Rhe1 Rxg4 19. Nxd6+ Bxd6 20. Rxd6 Bd7 21. Be5 Qa5 22. Bxb2 Qxa2+ 23. Kc1 Nd5 24. Qxg4 Qxb2+ 25. Kd1 Nc3+ 26. Kd2 Qb4 27. Rd3 Ne4+ 28. Ke2 Nf6 29. Qh4 1-0

[Event "*** SCC Grand Prix: Titled Tuesday Blitz"]
[Site "Chess.com"]
[Date "2020.08.25"]
[Round "8"]
[White "serena-maria"]
[Black "GlennTipton"]
[Result "0-1"]
[WhiteElo "2294"]
[BlackElo "2434"]
[TimeControl "180+1"]
[EndTime "11:36:18 PDT"]
[Termination "GlennTipton won on time"]

1. Nf3 Nf6 2. g3 g6 3. Bg2 Bg7 4. O-O O-O 5. c4 d6 6. Nc3 e5 7. Rb1 Nh5 8. d3 f5 9. Nd2 Nc6 10. b4 e4 11. Qb3 Nd4 12. Qd1 exd3 13. exd3 f4 14. Nce4 f3 15. Nxf3 Bg4 16. Nxd4 Bxd1 17. Ne6 Qd7 18. Nxf8 Rxf8 19. Rxd1 Bd4 20. Bb2 Bxb2 21.
Rxb2 c6 22. Re1 Nf6 23. Rbe2 Nxe4 24. Rxe4 Qf5 25. f4 a5 26. a3 axb4 27. axb4 Qf6 28. b5 Qc3 29. bxc6 bxc6 30. R1e3 Ra8 31. Re8+ Rxe8 32.
Rxe8+ Kf7 33. Bxc6 Qxd3 34. Rd8 Qxc4 35. Rc8 Qd4+ 36. Kg2 d5 0-1

[Event "*** SCC Grand Prix: Titled Tuesday Blitz"]
[Site "Chess.com"]
[Date "2020.08.25"]
[Round "8"]
[White "Schack-Hugo"]
[Black "MikeSailer"]
[Result "0-1"]
[WhiteElo "2269"]
[BlackElo "2179"]
[TimeControl "180+1"]
[EndTime "11:36:18 PDT"]
[Termination "MikeSailer won on time"]

1. c4 c6 2. d4 d5 3. Nc3 Nf6 4. Nf3 a6 5. e3 Bg4 6. c5 Nbd7 7. Be2 e5 8. O-O e4 9. Nd2 Be6 10. b4 Be7 11. Nb3 O-O 12. a4 Qe8 13. Bd2 Bd8 14.
Qc2 Bc7 15. b5 axb5 16. axb5 Rxa1 17. Rxa1 Ng4 18. h3 Nh6 19. Ra7 Qc8 20. Na4 Bb8 21. Ra8 Bh2+ 22. Kxh2 Qxa8 23. Na5 f5 24. Kg1 f4 25.
exf4 Nf5 26. Be3 Qxa5 27. Nc3 cxb5 28. Bxb5 Nb8 29. g4 Nh4 0-1

[Event "*** SCC Grand Prix: Titled Tuesday Blitz"]
[Site "Chess.com"]
[Date "2020.08.25"]
[Round "8"]
[White "GregShahade"]
[Black "kleopl"]
[Result "1-0"]
[WhiteElo "2665"]
[BlackElo "2438"]
[TimeControl "180+1"]
[EndTime "11:36:19 PDT"]
[Termination "GregShahade won by checkmate"]

1. e4 c6 2. Nc3 d5 3. Nf3 Nf6 4. e5 Ne4 5. Ne2 Bg4 6. Nfg1 Bxe2 7. Bxe2 e6 8. d3 Bb4+ 9. Kf1 Nc5 10. c3 Ba5 11. b4 Ncd7 12. bxa5 Nxe5 13. d4 Ng6 14.
Rb1 Qxa5 15. Rxb7 Qxc3 16. Bb2 Qa5 17. Qb3 O-O 18. Nf3 Nf4 19. Bc3 Qd8 20. g3 Nxe2 21.
Kxe2 Nd7 22. Rb1 Nb6 23. Qa3 Re8 24. Rxa7 Rb8 25. Ba5 e5 26. Qc5 exd4+ 27. Kf1 Na4 28. Qc1 Rxb1 29. Qxb1 Qf6 30. Kg2 h5 31. h4 Nc3 32.
Qd3 c5 33. Bxc3 dxc3 34. Qxd5 c2 35. Qc4 Qf5 36. Ng5 Re2 37. Qxe2 c1=Q 38. Qe8# 1-0

[Event "*** SCC Grand Prix: Titled Tuesday Blitz"]
[Site "Chess.com"]
[Date "2020.08.25"]
[Round "8"]
[White "salimalamri2020"]
[Black "pavelalexandru07"]
[Result "1-0"]
[WhiteElo "2050"]
[BlackElo "2182"]
[TimeControl "180+1"]
[EndTime "11:36:19 PDT"]
[Termination "salimalamri2020 won by resignation"]

1. e4 c5 2. Nf3 d6 3. d4 cxd4 4.
Nxd4 Nf6 5. Nc3 a6 6. Bg5 Nbd7 7. f4 Qc7 8. Qe2 h6 9. Bh4 g5 10. fxg5 hxg5 11. Bxg5 e6 12. O-O-O Be7 13. h4 b5 14. g4 Bb7 15. Bg2 O-O-O 16. Rhf1 Rhg8 17. Kb1 Qb6 18. Be3 Qa5 19. g5 Ne8 20. Qg4 Ne5 21. Qg3 Kb8 22. Bf4 Rc8 23. Nb3 Qc7 24. Bxe5 dxe5 25.
Rxf7 Nd6 26. Rh7 Nc4 27. Bh3 Rh8 28. Rxh8 Rxh8 29. Bxe6 b4 30. Bxc4 Qxc4 31. Qxe5+ Ka7 32. Qxh8 bxc3 33. Qxc3 Qxe4 34. Qd4+ 1-0

[Event "*** SCC Grand Prix: Titled Tuesday Blitz"]
[Site "Chess.com"]
[Date "2020.08.25"]
[Round "8"]
[White "MrrRefrao"]
[Black "MashaFromRussia"]
[Result "0-1"]
[WhiteElo "2199"]
[BlackElo "2391"]
[TimeControl "180+1"]
[EndTime "11:36:20 PDT"]
[Termination "MashaFromRussia won on time"]

1. c4 e5 2. g3 d6 3. Bg2 f5 4. Nc3 Nf6 5. d3 g6 6. e4 Bg7 7.
Nge2 O-O 8. O-O Nc6 9. exf5 Bxf5 10. d4 e4 11. h3 h5 12. Nf4 Qd7 13. d5 Ne5 14.
Qe2 Nf3+ 15. Kh1 Rae8 16. Be3 a6 17. c5 g5 18. Ne6 Bxe6 19. dxe6 Qxe6 20. cxd6 cxd6 21.
Rad1 d5 22. Qc2 Rd8 23. Qb3 Kh8 24. Bc5 Rfe8 25. Ne2 Nd7 26. Be3 Nde5 27. Nd4 Qd7 28. Qa3 Rf8 29. Qa5 Rf6 30. Rc1 b6 31. Qxa6 Nc4 32. Qb5 Nxe3 0-1

[Event "*** SCC Grand Prix: Titled Tuesday Blitz"]
[Site "Chess.com"]
[Date "2020.08.25"]
[Round "8"]
[White "MarceloPlaya"]
[Black "Roza_Idrisova"]
[Result "1-0"]
[WhiteElo "2353"]
[BlackElo "2193"]
[TimeControl "180+1"]
[EndTime "11:36:20 PDT"]
[Termination "MarceloPlaya won by checkmate"]

1. e4 c6 2. d4 d5 3. e5 Bf5 4.
g4 Bg6 5. h4 h5 6. e6 f6 7. Bd3 Bxd3 8. Qxd3 Qc8 9. Qg6+ Kd8 10. Qf7 Kc7 11. Bf4+ Kb6 12. Nc3 Nh6 13. Bxh6 Rxh6 14.
g5 Rh8 15. Nf3 Na6 16. O-O-O Nc7 17. Rhe1 Ne8 18. Na4+ Kc7 19. Nc5 Nd6 20. Qg6 Qe8 21.
Qd3 b6 22. Na6+ Kb7 23. Kb1 Rc8 24. Nb4 Rc7 25. Ne5 fxe5 26. dxe5 Nb5 27. a4 a5 28. Nxd5 cxd5 29. axb5 Rc5 30. c4 g6 31.
cxd5 Rxb5 32. d6 Rb4 33. d7 Qd8 34. Rc1 Bg7 35. Qd5+ Ka6 36. Rc8 Rb5 37. Qa8# 1-0